 Dungeon Crawl Stone Soup version 0.30-a0-272-gf98c3da03f (webtiles) character file.

Game seed: 14667702733671130202

2354 timneilson the Shield-Bearer (level 9, -6/54 HPs)
             Began as a Gargoyle Fighter on Oct 15, 2022.
             Was a Follower of Qazlal.
             Mangled by an orc knight
             ... wielding a +0 glaive
              (11 damage)
             ... in a bailey.
             The game lasted 00:12:12 (4959 turns).

timneilson the Shield-Bearer (Gargoyle Fighter)     Turns: 4959, Time: 00:12:13

Health: -6/54      AC: 23    Str: 23    XL:     9   Next: 44%
Magic:  11/11      EV:  9    Int: 12    God:    Qazlal [*.....]
Gold:   409        SH:  8    Dex: 15    Spells: 8/8 levels left

rFire   + . .      SeeInvis .    a - +1 long sword (venom)
rCold   . . .      Faith    .    c - +0 buckler
rNeg    + . .      Spirit   .    q - +0 chain mail
rPois   ∞          Reflect  .    w - +1 helmet "Damidghuung" {Drain +Blink Int+2}
rElec   +          Harm     .    r - +2 cloak {Will+}
rCorr   .          Rampage  .    A - +0 pair of gloves
Will    +....                    (no boots)
Stlth   ..........               p - amulet of regeneration
HPRegen 1.09/turn                j - ring of protection from fire
MPRegen 0.12/turn                m - +6 ring of dexterity

@: no status effects
A: sickness immunity, AC +6, negative energy resistance 1, electricity
resistance, torment resistance 1, petrification resistance
a: Renounce Religion, Evoke Blink


You were in a bailey.
You worshipped Qazlal.
Qazlal was aware of your devotion.
You visited 2 branches of the dungeon, and saw 8 of its levels.
You also visited: Bailey.

You collected 409 gold pieces.

Inventory:

Hand Weapons
 a - a +1 long sword of venom (weapon)
Missiles
 o - 3 throwing nets (quivered)
Armour
 c - a +0 buckler (worn)
 q - a +0 chain mail (worn)
 r - a +2 cloak of willpower (worn)
 v - a +0 plate armour
 w - the +1 helmet "Damidghuung" (worn) {Drain +Blink Int+2}
   (You found it on level 5 of the Dungeon)

   Int:       It affects your intelligence (+2).
   +Blink:    It lets you blink.
   Drain:     It drains your maximum health when unequipped.
 A - a +0 pair of gloves (worn)
Jewellery
 j - a ring of protection from fire (left hand)
 m - a +6 ring of dexterity (right hand)
 p - an amulet of regeneration (around neck)
 s - a +4 ring of evasion
 z - a ring of fire
Wands
 b - a wand of flame (13)
 x - a wand of paralysis (4)
Scrolls
 d - a scroll of fear
 t - 4 scrolls of teleportation
 y - a scroll of blinking
Potions
 f - 2 potions of invisibility
 h - a potion of attraction {unknown}
 i - 3 potions of curing
 k - 2 potions of ambrosia {unknown}
 l - 2 potions of resistance {unknown}
 n - a potion of berserk rage {unknown}
 B - 2 potions of lignification {unknown}


   Skills:
 + Level 5.5 Fighting
 * Level 5.3 Long Blades
 * Level 7.0 Armour
 + Level 3.0 Dodging
 * Level 7.1 Shields
 + Level 3.5 Invocations
 + Level 2.7 Evocations


You had 8 spell levels left.
You didn't know any spells.
Your spell library contained the following spells:

 Spells                   Type           Power      Damage    Failure   Level
 Freeze                   Ice            0%         1d3       95%         1
 Dazzling Flash           Conj/Hex       0%         N/A       100%        3
 Frozen Ramparts          Ice            0%         1d1       100%        3
 Hailstorm                Conj/Ice       0%         3d3       100%        3
 Iskenderun's Mystic Bla  Conj/Tloc      0%         2d3       100%        4
 Starburst                Conj/Fire      0%         6d3       100%        6


Dungeon Overview and Level Annotations

Branches:
Dungeon (7/15)             Temple (1/1) D:4          Bailey (1/1)

Altars:
Ashenzari
Cheibriados
Dithmenos
Elyvilon
Fedhas
Gozag
Hepliaklqana
Kikubaaqudgha
Makhleb
Qazlal
Ru
Sif Muna
Trog
Uskayaw
Vehumet
Wu Jian
Xom
Zin
The Shining One

Shops:
D:1 =

Annotations:
Bailey 2 runed translucent doors


Innate Abilities, Weirdness & Mutations

You are immune to sickness and miasma.
Your stone body is resilient. (AC +6)
You are immune to poison.
You resist negative energy. (rN+)
You are resistant to electric shocks. (rElec)
You are resistant to unholy torment.
You are immune to petrification.


Message History

You kill the orc warrior!
Qazlal accepts your kill. You block the orc knight's attack.
You block the orc warrior's attack. The orc warrior barely misses you.
Your Armour skill increases to level 7!
Unknown command.
Found a short runed staff.
You block the orc knight's attack. The orc hits you but does no damage.
The orc warrior hits you with a +0 glaive!
The orc warrior misses you.
The orc warrior hits you with a +0 halberd.
* * * LOW HITPOINT WARNING * * *
You barely miss the orc knight.
The orc knight is struck by lightning.
The orc knight hits you but does no damage.
The orc barely misses you. You block the orc warrior's attack.
The orc warrior hits you but does no damage.
The orc warrior hits you with a +0 halberd.
* * * LOW HITPOINT WARNING * * *
The orc knight roars a battlecry!
The orcs go into a battle-frenzy!
The orc warrior closely misses you.
The orc warrior hits you but does no damage. x2
The orc hits you but does no damage.
You slash the orc knight!
The orc knight looks as sick as possible!
The orc knight is lightly wounded.
The orc knight is struck by lightning.
The orc knight hits you with a +0 glaive.
* * * LOW HITPOINT WARNING * * *
You block the orc's attack.
The orc warrior hits you with a +0 glaive!
* * * LOW HITPOINT WARNING * * *
You block the orc warrior's attack.
The orc warrior hits you but does no damage.
You hit the orc knight but do no damage.
The orc knight looks as sick as possible!
The orc knight is moderately wounded.
The orc knight is struck by lightning.
The orc knight hits you with a +0 glaive!
You die...

### $.###
..... ..
#... o..
#..# #++#
#..##....
#oo#.....
#..#
#@o#e.#
#..#
#°o#..#
#..#
#.o#!)$$[
#..# #).#


|!?! #..# #).########..# ##...8....8)).## #....)..)....).# #..####''####.$#
####........#### You could see an orc knight (extremely poisoned), a deep elf
pyromancer, 3 orc warriors and an orc (strong).

Vanquished Creatures
  A shining eye (shapeshifter) (D:7)
  Sigmund (D:6)
  Eustachio (D:6)
  2 ice beasts
  4 orc warriors (Bailey)
  A sky beast (D:7)
  2 ogres
  3 bullfrogs
  A necrophage (D:6)
  A howler monkey (D:6)
  A crimson imp (D:4)
  Crazy Yiuf (D:3)
  A hound (D:6)
  2 orc priests
  A jelly (D:5)
  2 iguanas
  Jessica (D:3)
  An orc wizard (D:5)
  7 gnolls
  9 adders
  A white imp (D:6)
  2 ufetubi (D:6)
  4 dart slugs
  14 orcs
  7 endoplasms
  2 giant cockroaches
  10 goblins
  8 hobgoblins
  2 jackals (D:2)
  8 kobolds
  3 quokkas
  6 ball pythons
  9 bats
  A frilled lizard (D:3)
  6 rats
126 creatures vanquished.

Vanquished Creatures (others)
  A frilled lizard (D:1)
1 creature vanquished.

Grand Total: 127 creatures vanquished

Notes
Turn   | Place    | Note
-------+----------+-------------------------------------------
     0 | D:1      | timneilson the Gargoyle Fighter began the quest for the
                  | Orb.
     0 | D:1      | Reached XP level 1. HP: 14/14 MP: 1/1
   171 | D:1      | Reached XP level 2. HP: 18/19 MP: 2/2
   179 | D:1      | Found Yfuhov's Jewellery Emporium.
   538 | D:1      | Reached XP level 3. HP: 23/23 MP: 3/3
   843 | D:2      | Reached XP level 4. HP: 28/28 MP: 4/4
  1350 | D:2      | Reached skill level 1 in Dodging
  1377 | D:2      | Reached XP level 5. HP: 5/33 MP: 5/5
  1486 | D:3      | Noticed Jessica
  1495 | D:3      | Killed Jessica
  1546 | D:3      | Found a runed translucent door.
  1547 | D:3      | Noticed Crazy Yiuf
  1603 | D:3      | Found a glowing silver altar of Zin.
  1905 | D:3      | Killed Crazy Yiuf
  1906 | D:3      | Reached XP level 6. HP: 19/38 MP: 4/6
  1979 | D:4      | Found a staircase to the Ecumenical Temple.
  1991 | Temple   | Entered the Ecumenical Temple
  2038 | Temple   | Became a worshipper of Qazlal Stormbringer
  2052 | D:4      | Identified the +5 quarterstaff of Yredelemnul's Delight
                  | {vorpal, *Noise rElec rCorr Int+2}
  2445 | D:4      | Found a shimmering altar of Xom.
  2446 | D:4      | Found a burning altar of Makhleb.
  2916 | D:4      | Reached skill level 5 in Shields
  2990 | D:5      | Entered Level 5 of the Dungeon
  3028 | D:5      | Found a radiant altar of Vehumet.
  3188 | D:5      | Reached skill level 1 in Invocations
  3196 | D:5      | Reached XP level 7. HP: 32/43 MP: 7/7
  3209 | D:5      | Identified the +1 helmet "Damidghuung" {Drain +Blink Int+2}
  3226 | D:5      | Reached skill level 5 in Armour
  3653 | D:6      | Noticed Eustachio
  3665 | D:6      | Killed Eustachio
  3665 | D:6      | Reached * piety under Qazlal
  3666 | D:6      | Reached skill level 1 in Evocations
  3666 | D:6      | Reached XP level 8. HP: 42/48 MP: 9/9
  3787 | D:6      | Found a white marble altar of Elyvilon.
  3899 | D:6      | Noticed Sigmund
  3905 | D:6      | Killed Sigmund
  4141 | D:6      | Found a bloodstained altar of Trog.
  4719 | D:7      | a gnoll changed into a glowing shapeshifter
  4719 | D:7      | Noticed a glowing shapeshifter (glowing shapeshifter)
  4719 | D:7      | a glowing shapeshifter changed into something unseen
  4721 | D:7      | Noticed a fire dragon
  4722 | D:7      | a fire dragon changed into something unseen
  4724 | D:7      | Noticed a catoblepas
  4725 | D:7      | a catoblepas changed into a tyrant leech
  4725 | D:7      | Noticed a tyrant leech (glowing shapeshifter)
  4726 | D:7      | a tyrant leech changed into a slime creature
  4726 | D:7      | Noticed a slime creature (glowing shapeshifter)
  4731 | D:7      | a slime creature changed into a shining eye
  4731 | D:7      | Noticed a shining eye (glowing shapeshifter)
  4735 | D:7      | Killed a shining eye
  4736 | D:7      | Reached skill level 5 in Fighting
  4736 | D:7      | Reached XP level 9. HP: 38/54 MP: 9/11
  4767 | D:7      | Reached skill level 5 in Long Blades
  4831 | D:7      | Found a flagged portal.
  4867 | Bailey   | Entered a bailey
  4940 | Bailey   | Found a large runed translucent door.
  4940 | Bailey   | Found a large runed translucent door.
  4941 | Bailey   | Noticed an orc knight
  4948 | Bailey   | Noticed a deep elf pyromancer
  4959 | Bailey   | Mangled by an orc knight

Illustrated notes

Levels and vault maps discovered:
D:1:      lightli_arrival_maybe_door_vault, layout_loops_ring, serial_shops,
          shop
D:2:      layout_rooms, kennysheep_decorative_pillar, minmay_small_reverse_x
D:3:      layout_rooms, nicolae_overflow_crystal_walls, uniq_crazy_yiuf_cottage,
          uniq_jessica
D:4:      layout_loops_corners, grunt_temple_overflow_champion_of_chaos,
          minmay_temple_entry_junction_2
D:5:      layout_basic, vehumet_altar_wand_db
D:6:      layout_basic, kennysheep_mini, amcnicky_altar_gilded, uniq_sigmund,
          uniq_eustachio
D:7:      layout_rooms, jmf_multi_god_temple2, enter_bailey_7,
          uniq_prince_ribbit1
Temple:   nicolae_temple_ecumenical_triangle
Bailey:   bailey_polearm_elven_captive_hellmonk, bailey

Skill      XL: |  1  2  3  4  5  6  7  8  9 |
---------------+----------------------------+-----
Long Blades    | 2 3 4 5 |  5.3
Armour         | 4 5 6 7 |  7.0
Shields        | 4 5 6 7 |  7.1
Dodging        | 1 2 3 |  3.0
Fighting       | 4 5 |  5.5
Invocations    | 1 2 3 |  3.5
Evocations     | 1 2 |  2.7

Action                   |  1- 3 |  4- 6 |  7- 9 || total
-------------------------+-------+-------+-------++-------
Melee: Long sword        |   135 |   218 |   234 ||   587
  Use: Scroll            |     2 |     7 |     6 ||    15
       Potion            |       |       |     2 ||     2
Armor: Scale mail        |   117 |    38 |       ||   155
       Chain mail        |       |    83 |   217 ||   300
Dodge: Dodged            |   103 |    90 |   125 ||   318
Block: Buckler           |    39 |    60 |   113 ||   212

Table legend: (Time is in decaauts)
 A = Elapsed time spent in this place.
 B = Non-inter-level travel time spent in this place.
 C = Inter-level travel time spent in this place.
 D = Time resting spent in this place.
 E = Time spent auto-exploring this place.
 F = Levels seen in this place.
 G = Mean time per level.
                   A        B        C        D        E       F      G
               +--------+--------+--------+--------+--------+-----+--------+
         Total |   5094 |   4997 |     97 |     16 |   3354 |   9 |  566.0 |
       Dungeon |   4942 |   4851 |     91 |     16 |   3323 |   7 |  706.0 |
        Temple |     54 |     48 |      6 |      0 |     31 |   1 |   54.0 |
        Bailey |     98 |     98 |      0 |      0 |      0 |   1 |   98.0 |
               +--------+--------+--------+--------+--------+-----+--------+

Top non-repeatable levels by time:
     D:6: 1106 daAuts
     D:4: 966 daAuts
     D:2: 699 daAuts
     D:1: 698 daAuts
     D:3: 653 daAuts
     D:5: 644 daAuts
     D:7: 172 daAuts
  Bailey: 98 daAuts
  Temple: 54 daAuts
